A+ EAST
HICKORY CRAWDADS @ ABERDEEN IRONBIRDS
08/27/2041
 
TOP OF THE 1ST
Hickory Crawdads batting - Pitching for Aberdeen Ironbirds : RHP Steve Hayes
Pitching: RHP Steve Hayes
Batting: SHB Feliciano Destefani 0-0: Called Strike
0-1: Foul Ball, location: 2F
0-2: Strikes out swinging
Batting: LHB Jorge Gabriel 0-0: Ball
1-0: Ball
2-0: Swinging Strike
2-1: Ball
3-1: Foul Ball, location: 23F
3-2: Base on Balls
Batting: LHB Ed Winter 0-0: Called Strike
Jorge Gabriel is caught stealing 2nd base 2-6
0-1: Ball
1-1: Fly out, F9 (Flyball, 89D, EV 108.8 MPH)
Top of the 1st over - 0 runs, 0 hits, 0 errors, 0 left on base; Hickory 0 - Aberdeen 0
BOTTOM OF THE 1ST
Aberdeen Ironbirds batting - Pitching for Hickory Crawdads : RHP Gregorio Torena
Pitching: RHP Gregorio Torena
Batting: LHB Danny Bentley 0-0: Called Strike
0-1: Swinging Strike
0-2: Hit by Pitch
Batting: RHB José Ortíz 0-0: Foul Ball, location: 9LDF
0-1: Bunt - Flyout to 5S! F5
Batting: RHB Raúl Quintero 0-0: Ball
1-0: SINGLE (Groundball, 6MD, EV 110.0 MPH)
Danny Bentley to second
Runner from 2nd tries for 3rd, SAFE, throw by CF made to third
Batting: RHB Ken Lynn 0-0: Called Strike
0-1: Ball
1-1: Foul Ball, location: 2F
1-2: Strikes out swinging
Batting: RHB Terrence Steele 0-0: Foul Ball, location: 2F
0-1: Ball
1-1: Called Strike
1-2: Foul Ball, location: 23F
1-2: SINGLE (Groundball, 3D, EV 95.6 MPH)
Danny Bentley scores
Raúl Quintero to second
Runner from 2nd tries for 3rd, SAFE, throw by RF made to third
Batting: RHB Sébastien Le Gac 0-0: Called Strike
0-1: Ball
1-1: Ball
2-1: Ball
3-1: Foul Ball, location: 9LDF
3-2: Base on Balls
Terrence Steele to second
Batting: SHB Alonso Roca 0-0: Called Strike
0-1: Ground out 3-1 (Groundball, 34, EV 105.0 MPH)
Bottom of the 1st over - 1 run, 2 hits, 0 errors, 3 left on base; Hickory 0 - Aberdeen 1
TOP OF THE 2ND
Hickory Crawdads batting - Pitching for Aberdeen Ironbirds : RHP Steve Hayes
Batting: RHB Dani Quintanilla 0-0: Ball
1-0: Foul Ball, location: 2F
1-1: Ball
2-1: Ball
3-1: Base on Balls
Batting: RHB Jim Unknown 0-0: Ball
1-0: Called Strike
1-1: Ball
Dani Quintanilla steals 2nd base
2-1: Swinging Strike
2-2: SINGLE (Groundball, 56D, EV 105.0 MPH)
Dani Quintanilla to third
Runner from 3rd tries for Home, SAFE, throw by LF to home
Batting: RHB Jim Unknown 0-0: Sac Bunt to 5S - play at first, batter OUT! 5-3
Jim Unknown to second
Batting: RHB Jim Unknown 0-0: Ball
1-0: Ground out 6-3 (Groundball, 56, EV 90.0 MPH)
Batting: SHB Jim Unknown 0-0: Ball
1-0: Swinging Strike
1-1: Foul Ball, location: 23F
1-2: Strikes out swinging
Top of the 2nd over - 1 run, 1 hit, 0 errors, 1 left on base; Hickory 1 - Aberdeen 1
BOTTOM OF THE 2ND
Aberdeen Ironbirds batting - Pitching for Hickory Crawdads : RHP Gregorio Torena
Batting: RHB José Tavárez 0-0: DOUBLE (Line Drive, 7LM, EV 100.6 MPH)
Batting: RHB Whit Blake 0-0: Ball
1-0: Called Strike
1-1: Ball
2-1: Fly out, F9 (Line Drive, 89D, EV 91.9 MPH)
Batting: LHB Danny Bentley 0-0: Ball
1-0: Foul Ball, location: 7LDF
1-1: Ground out 4-3 (Groundball, 4, EV 108.8 MPH)
José Tavárez to third
Batting: RHB José Ortíz 0-0: Called Strike
0-1: Ball
1-1: Fly out, F4 (Line Drive, 4MD, EV 64.4 MPH)
Bottom of the 2nd over - 0 runs, 1 hit, 0 errors, 1 left on base; Hickory 1 - Aberdeen 1
TOP OF THE 3RD
Hickory Crawdads batting - Pitching for Aberdeen Ironbirds : RHP Steve Hayes
Batting: RHB Jim Unknown 0-0: Ball
1-0: Foul Ball, location: 9LDF
1-1: Ball
2-1: SINGLE (Flyball, 6D, EV 85.0 MPH)
Batting: SHB Feliciano Destefani 0-0: Sac Bunt to 5S - play at first, batter safe!
Jim Unknown to second
Batting: LHB Jorge Gabriel 0-0: Sac Bunt to 13 - play at first, batter OUT! 1-3
Jim Unknown to third
Feliciano Destefani to second
Batting: LHB Ed Winter 0-0: Swinging Strike
0-1: Ball
1-1: Ball
2-1: SINGLE (Groundball, 34D, EV 106.3 MPH)
Jim Unknown scores
Feliciano Destefani to third
Runner from 3rd tries for Home, throw by RF and OUT! 9-2
Batting: RHB Dani Quintanilla 0-0: Ball
Ed Winter steals 2nd base (no throw)
1-0: Ball
2-0: Foul Ball, location: 9LSFF
2-1: Ball
3-1: Swinging Strike
3-2: Strikes out swinging
Top of the 3rd over - 1 run, 3 hits, 0 errors, 1 left on base; Hickory 2 - Aberdeen 1
BOTTOM OF THE 3RD
Aberdeen Ironbirds batting - Pitching for Hickory Crawdads : RHP Gregorio Torena
Batting: RHB Raúl Quintero 0-0: Ball
1-0: Called Strike
1-1: Swinging Strike
1-2: Ball
2-2: Strikes out looking
Batting: RHB Ken Lynn 0-0: Ball
1-0: Ball
2-0: Ball
3-0: Base on Balls
Batting: RHB Terrence Steele 0-0: Called Strike
Ken Lynn steals 2nd base
0-1: Swinging Strike
0-2: Strikes out swinging
Batting: RHB Sébastien Le Gac 0-0: Ball
1-0: Foul Ball, location: 5F
1-1: SINGLE (Line Drive, 7S, EV 103.1 MPH)
Ken Lynn to third
Runner from 3rd tries for Home, throw by LF and OUT! 7-2
Bottom of the 3rd over - 0 runs, 1 hit, 0 errors, 1 left on base; Hickory 2 - Aberdeen 1
TOP OF THE 4TH
Hickory Crawdads batting - Pitching for Aberdeen Ironbirds : RHP Steve Hayes
Batting: RHB Jim Unknown 0-0: Foul Ball, location: 2RF
0-1: Foul Ball, location: 2F
0-2: Foul Ball, location: 2F
0-2: Foul Ball, location: 9LSF
0-2: Strikes out swinging
Batting: RHB Jim Unknown 0-0: SINGLE (Groundball, 6MD, EV 94.4 MPH)
Batting: RHB Jim Unknown 0-0: Foul Ball, location: 7LMF
0-1: Swinging Strike
0-2: Strikes out looking
Batting: SHB Jim Unknown 0-0: Fielders Choice at 2nd, 6-4 (Groundball, 6, EV 82.5 MPH)
Top of the 4th over - 0 runs, 1 hit, 0 errors, 1 left on base; Hickory 2 - Aberdeen 1
BOTTOM OF THE 4TH
Aberdeen Ironbirds batting - Pitching for Hickory Crawdads : RHP Gregorio Torena
Batting: SHB Alonso Roca 0-0: Ball
1-0: Called Strike
1-1: Swinging Strike
1-2: Strikes out looking
Batting: RHB José Tavárez 0-0: Called Strike
0-1: Fly out, F8 (Flyball, 8RXD, EV 84.4 MPH)
Batting: RHB Whit Blake 0-0: Called Strike
0-1: Swinging Strike
0-2: Ball
1-2: Ball
2-2: SOLO HOME RUN (Line Drive, 78XD, EV 113.8 MPH), Distance : 451 ft
Batting: LHB Danny Bentley 0-0: Foul Ball, location: 23FF
0-1: Called Strike
0-2: Foul Ball, location: 7LMF
0-2: Ball
1-2: Ball
2-2: Ball
3-2: Foul Ball, location: 9LSF
3-2: Base on Balls
Batting: RHB José Ortíz 0-0: Ball
1-0: Ball
2-0: Ball
3-0: Called Strike
3-1: Base on Balls
Danny Bentley to second
Pitching: RHP Jim Unknown
Batting: RHB Raúl Quintero 0-0: Ball
1-0: Ball
2-0: Fielders Choice at 2nd, 5-4 (Groundball, 56, EV 109.4 MPH)
Bottom of the 4th over - 1 run, 1 hit, 0 errors, 2 left on base; Hickory 2 - Aberdeen 2
TOP OF THE 5TH
Hickory Crawdads batting - Pitching for Aberdeen Ironbirds : RHP Steve Hayes
Batting: RHB Jim Unknown 0-0: SOLO HOME RUN (Flyball, 7D, EV 101.9 MPH), Distance : 390 ft
Batting: SHB Feliciano Destefani 0-0: Called Strike
0-1: Ball
1-1: Foul Ball, location: 3FF
1-2: Strikes out swinging, 2-3 out at first.
Batting: LHB Jorge Gabriel 0-0: Ground out 4-3 (Groundball, 4, EV 81.3 MPH)
Batting: LHB Ed Winter 0-0: Foul Ball, location: 7LSF
0-1: Ground out 1-3 (Groundball, P, EV 70.6 MPH)
Top of the 5th over - 1 run, 1 hit, 0 errors, 0 left on base; Hickory 3 - Aberdeen 2
BOTTOM OF THE 5TH
Aberdeen Ironbirds batting - Pitching for Hickory Crawdads : RHP Jim Unknown
Batting: RHB Ken Lynn 0-0: Ball
1-0: Called Strike
1-1: Ball
2-1: Ball
3-1: Base on Balls
Batting: RHB Terrence Steele 0-0: Ball
1-0: Foul Ball, location: 9LMF
1-1: Hit by Pitch
Ken Lynn to second
Batting: RHB Sébastien Le Gac 0-0: Called Strike
0-1: Foul Ball, location: 5SF
0-2: Strikes out swinging
Pinch Hitting: LHB José Medina 0-0: Foul Ball, location: 7LDF
0-1: Foul Ball, location: 25FF
0-2: Foul Ball, location: 2F
0-2: Ball
1-2: Strikes out swinging
Pinch Hitting: LHB Johnny Hudson 0-0: Called Strike
0-1: Foul Ball, location: 25FF
0-2: Foul Ball, location: 5FF
0-2: Foul Ball, location: 7LMF
0-2: Ball
Wild Pitch!
Ken Lynn to third
Terrence Steele to second
1-2: SINGLE (Groundball, 4S, EV 62.5 MPH) (infield hit)
Ken Lynn scores
Terrence Steele to third
Batting: RHB Whit Blake 0-0: 3-RUN HOME RUN (Flyball, 7D, EV 108.1 MPH), Distance : 400 ft
Pitching: LHP Jim Unknown
Batting: LHB Danny Bentley 0-0: Hit by Pitch
Batting: RHB José Ortíz 0-0: Called Strike
0-1: Ball
1-1: Foul Ball, location: 5SF
1-2: Ball
2-2: Ball
Danny Bentley is caught stealing 2nd base 2-4
Bottom of the 5th over - 4 runs, 2 hits, 0 errors, 0 left on base; Hickory 3 - Aberdeen 6
TOP OF THE 6TH
Hickory Crawdads batting - Pitching for Aberdeen Ironbirds : RHP Steve Hayes
Now at 2B: Darrel Kane
Now at 3B: Sinclair van Vugt
Batting: RHB Dani Quintanilla 0-0: Ball
1-0: Swinging Strike
1-1: Foul Ball, location: 2F
1-2: Strikes out looking
Batting: RHB Jim Unknown 0-0: SINGLE (Groundball, 34D, EV 99.4 MPH)
Batting: RHB Jim Unknown 0-0: Called Strike
0-1: SINGLE (Groundball, 6, EV 100.6 MPH)
Jim Unknown to second
Batting: RHB Jim Unknown 0-0: Called Strike
0-1: Ball
1-1: Ball
2-1: Swinging Strike
2-2: Ball
3-2: Foul Ball, location: 2F
3-2: Foul Ball, location: 3F
3-2: Base on Balls
Jim Unknown to third
Jim Unknown to second
Pinch Hitting: LHB Jim Unknown 0-0: Called Strike
0-1: Ball
1-1: Foul Ball, location: 2F
1-2: Foul Ball, location: 2F
1-2: Strikes out looking
Batting: RHB Jim Unknown 0-0: Ball
1-0: Foul Ball, location: 2F
1-1: Foul Ball, location: 2F
1-2: Ball
2-2: Ball
3-2: Foul Ball, location: 23F
3-2: Foul Ball, location: 2F
3-2: Ground out 4-3 (Groundball, 34D, EV 101.3 MPH)
Top of the 6th over - 0 runs, 2 hits, 0 errors, 3 left on base; Hickory 3 - Aberdeen 6
BOTTOM OF THE 6TH
Aberdeen Ironbirds batting - Pitching for Hickory Crawdads : LHP Jim Unknown
Now at 3B: Jim Unknown
Batting: RHB José Ortíz 0-0: Ground out 5-3 (Groundball, 56, EV 88.8 MPH)
Batting: RHB Raúl Quintero 0-0: Ground out 6-3 (Groundball, 56, EV 83.1 MPH)
Batting: RHB Ken Lynn 0-0: Hit by Pitch
Batting: RHB Terrence Steele 0-0: SINGLE (Flyball, 3D, EV 88.1 MPH)
Ken Lynn to second
Runner from 2nd tries for 3rd, SAFE, throw by RF made to third
Batting: RHB Sébastien Le Gac 0-0: Called Strike
0-1: SINGLE (Flyball, 78M, EV 90.0 MPH)
Ken Lynn scores
Terrence Steele to second
Batting: RHB Sinclair van Vugt 0-0: Fly out, F8 (Flyball, 89M, EV 85.0 MPH)
Bottom of the 6th over - 1 run, 2 hits, 0 errors, 2 left on base; Hickory 3 - Aberdeen 7
TOP OF THE 7TH
Hickory Crawdads batting - Pitching for Aberdeen Ironbirds : RHP Steve Hayes
Batting: SHB Feliciano Destefani 0-0: Foul Ball, location: 9LDF
0-1: Ball
1-1: Ball
2-1: Ball
3-1: Called Strike
3-2: Base on Balls
Pitching: RHP Daron Lee
Batting: LHB Jorge Gabriel 0-0: Ball
1-0: Foul Ball, location: 2F
1-1: Ball
2-1: Swinging Strike
2-2: Foul Ball, location: 5SF
2-2: Foul Ball, location: 2F
2-2: Foul Ball, location: 2RF
2-2: Ball
3-2: Foul Ball, location: 2F
3-2: Strikes out looking
Feliciano Destefani is caught stealing 2nd base 2-6
Batter strikes out.
Batting: LHB Ed Winter 0-0: Ball
1-0: Swinging Strike
1-1: Ball
2-1: Called Strike
2-2: Foul Ball, location: 9LSF
2-2: Strikes out swinging
Top of the 7th over - 0 runs, 0 hits, 0 errors, 0 left on base; Hickory 3 - Aberdeen 7
BOTTOM OF THE 7TH
Aberdeen Ironbirds batting - Pitching for Hickory Crawdads : LHP Jim Unknown
Batting: RHB Darrel Kane 0-0: Ball
1-0: Fly out, F5 (Popup, 5S, EV 73.1 MPH)
Batting: RHB Whit Blake 0-0: Ball
1-0: Called Strike
1-1: Swinging Strike
1-2: Ball
2-2: Ball
3-2: Strikes out looking
Batting: LHB Danny Bentley 0-0: Called Strike
0-1: Foul Ball, location: 7LDF
0-2: DOUBLE (Flyball, 78D, EV 92.5 MPH)
Batting: RHB José Ortíz 0-0: Called Strike
0-1: Called Strike
0-2: Strikes out swinging
Bottom of the 7th over - 0 runs, 1 hit, 0 errors, 1 left on base; Hickory 3 - Aberdeen 7
TOP OF THE 8TH
Hickory Crawdads batting - Pitching for Aberdeen Ironbirds : RHP Daron Lee
Batting: RHB Dani Quintanilla 0-0: Foul Ball, location: 9LDF
0-1: Foul Ball, location: 9LDF
0-2: Ball
1-2: Ball
2-2: Foul Ball, location: 3SF
2-2: Foul Ball, location: 2F
2-2: Foul Ball, location: 25F
2-2: Strikes out swinging
Batting: RHB Jim Unknown 0-0: Ball
1-0: Foul Ball, location: 2F
1-1: Called Strike
1-2: Foul Ball, location: 9LMF
1-2: Strikes out looking
Batting: RHB Jim Unknown 0-0: Ball
1-0: Ball
2-0: Fly out, F9 (Flyball, 89M, EV 96.9 MPH)
Top of the 8th over - 0 runs, 0 hits, 0 errors, 0 left on base; Hickory 3 - Aberdeen 7
BOTTOM OF THE 8TH
Aberdeen Ironbirds batting - Pitching for Hickory Crawdads : LHP Jim Unknown
Batting: RHB Raúl Quintero 0-0: Ball
1-0: Ball
2-0: DOUBLE (Flyball, 8RXD, EV 110.6 MPH)
Batting: RHB Ken Lynn 0-0: Called Strike
0-1: Called Strike
0-2: Foul Ball, location: 2F
0-2: Ball
1-2: Strikes out looking
Batting: RHB Terrence Steele 0-0: Called Strike
0-1: Foul Ball, location: 9LMF
0-2: Fly out, F9 (Flyball, 9D, EV 76.3 MPH)
Runner from 2nd tags up, SAFE at 3rd, no throw by RF
Batting: RHB Sébastien Le Gac 0-0: Ball
1-0: Ball
2-0: Ball
3-0: Called Strike
3-1: Foul Ball, location: 2RF
3-2: DOUBLE (Line Drive, 78D, EV 105.6 MPH)
Raúl Quintero scores
Batting: RHB Sinclair van Vugt 0-0: Ball
1-0: Called Strike
1-1: Ball
2-1: Foul Ball, location: 9LMF
Balk!
Sébastien Le Gac to third
2-2: Strikes out swinging
Bottom of the 8th over - 1 run, 2 hits, 0 errors, 1 left on base; Hickory 3 - Aberdeen 8
TOP OF THE 9TH
Hickory Crawdads batting - Pitching for Aberdeen Ironbirds : RHP Daron Lee
Batting: RHB Jim Unknown 0-0: Ball
1-0: Ball
2-0: Ball
3-0: Called Strike
3-1: Base on Balls
Batting: RHB Jim Unknown 0-0: Called Strike
0-1: Ball
1-1: Ball
2-1: Called Strike
2-2: Ball
3-2: Foul Ball, location: 2F
3-2: Strikes out swinging
Pinch Hitting: LHB Jim Unknown 0-0: Called Strike
0-1: Ball
1-1: Ball
2-1: Foul Ball, location: 7LSF
2-2: Strikes out swinging
Batting: SHB Feliciano Destefani 0-0: Called Strike
0-1: Foul Ball, location: 5SF
0-2: Ball
1-2: Strikes out swinging
Top of the 9th over - 0 runs, 0 hits, 0 errors, 1 left on base; Hickory 3 - Aberdeen 8
Monday, April 1st , 2024 - OOTP Baseball 24.10 Build 82